 Dungeon Crawl Stone Soup version 0.32-a0-543-gefe97123c3 (webtiles) character file.

Game seed: 17469402047292377812

1464806 NormalPerson7 the Worldbinder (level 25, 168/168 HPs)
             Began as a Deep Elf Hunter on Feb 28, 2024.
             Was a High Priest of Nemelex Xobeh.
             Escaped with the Orb
             ... and 3 runes on Feb 29, 2024!
             The game lasted 07:37:29 (88207 turns).

NormalPerson7 the Worldbinder (Deep Elf Hunter)    Turns: 88207, Time: 07:37:30

Health: 168/168    AC: 23    Str:  6      XL:     25   Next: 52%
Magic:  39/39      EV: 26    Int: 22 (23) God:    Nemelex Xobeh [*****.]
Gold:   1282       SH:  0    Dex: 24 (25) Spells: 2/52 levels left

rFire   + + .        a - +8 storm bow {elec, penet}
rCold   + + .        (shield currently unavailable)
rNeg    + . .        H - +7 faerie dragon scales {+Inv rCorr Dex+3}
rPois   +            E - +2 helmet
rElec   +            p - scarf {rC+ rF+}
rCorr   +            j - +2 pair of gloves {Dex+3}
SInv    .            M - +2 pair of boots of Oshy {rElec}
Will    +++++        q - amulet "Cepufah" {Faith rPois rC+}
Stlth   +            m - ring "Ciupt" {rF+ rN+ Slay+3}
HPRegen 0.48/turn    W - ring "Qeruloe" {rPois Will+++ Dex-3}
MPRegen 0.26/turn

%: random rage (3%), faith
@: studying 2 skills
A: berserk 1, deformed body, deterioration 1, low MP 1, screaming 1, weak 1,
MP-powered wands
0: Orb of Zot
}: 3/15 runes: serpentine, barnacled, slimy
a: Renounce Religion, Evoke Invisibility, Draw Escape, Draw Destruction, Draw
Summoning, Draw Stack, Triple Draw, Deal Four, Stack Five


You escaped.
You worshipped Nemelex Xobeh.
Nemelex Xobeh was extremely pleased with you.
You visited 11 branches of the dungeon, and saw 52 of its levels.
You visited 3 bazaars.
You also visited: Trove and Gauntlet.

You collected 7744 gold pieces.
You spent 6462 gold pieces at shops.

Inventory:

Hand Weapons
 a - the +8 storm bow (weapon) {elec, penet}
   (You bought it in a shop on level 2 of the Orcish Mines)
 b - the +9 lance "Wyrmbane" {slay drac, rPois rF+ rC+ AC+3}
   (You took it off Maggie on level 7 of the Dungeon)

   AC+3:      It affects your AC (+3).
   rF+:       It protects you from fire.
   rC+:       It protects you from cold.
   rPois:     It protects you from poison
Missiles
 Q - 5 throwing nets {!f}
 U - 10 curare-tipped darts
Armour
 j - a +2 pair of gloves of dexterity (worn)
 p - a scarf of resistance (worn)
 E - a +2 helmet (worn)
 F - the +4 dragonskin cloak
   (You took it off Tiamat on level 4 of the Depths)

   Avatar's Aegis: It grants the wearer a chance to resist fire, cold, poison,
   electricity, acid, and negative energy.
 H - the +7 faerie dragon scales (worn) {+Inv rCorr Dex+3}
   (You took it off the Enchantress on level 3 of the Depths)

   Dex+3:     It affects your dexterity (+3).
   +Inv:      It lets you turn invisible.
   rCorr:     It protects you from acid and corrosion.
 M - the +2 pair of boots of Oshy (worn) {rElec}
   (You found it on level 3 of the Elven Halls)

   rElec:     It insulates you from electricity.
Jewellery
 e - the ring "Gagi" {Will+ Int+5 Dex+3}
   (You found it in a treasure trove)

   [ring of willpower]

   Int+5:     It affects your intelligence (+5).
   Dex+3:     It affects your dexterity (+3).
   Will+:     It increases your willpower.
 m - the ring "Ciupt" (left hand) {rF+ rN+ Slay+3}
   (You found it in a treasure trove)

   [ring of protection from fire]

   Slay+3:    It affects your accuracy & damage with ranged weapons and melee
   (+3).
   rF+:       It protects you from fire.
   rN+:       It protects you from negative energy.
 o - the ring "Biyshrijo" {Fly rF+ rCorr MP+9 Dex+3}
   (You found it in a treasure trove)

   [ring of resist corrosion]

   Dex+3:     It affects your dexterity (+3).
   rF+:       It protects you from fire.
   MP+9:      It affects your magic capacity (+9).
   Fly:       It grants you flight.
   rCorr:     It protects you from acid and corrosion.
 q - the amulet "Cepufah" (around neck) {Faith rPois rC+}
   (You found it on level 2 of the Vaults)

   [amulet of faith]

   Faith:     It allows you to gain divine favour quickly.
   rC+:       It protects you from cold.
   rPois:     It protects you from poison
 s - the ring of Xior {rPois rF+ Str+4}
   (You acquired it on level 12 of the Dungeon)

   [ring of poison resistance]

   Str+4:     It affects your strength (+4).
   rF+:       It protects you from fire.
   rPois:     It protects you from poison
 C - a ring of protection from cold
 N - a ring of flight
 W - the ring "Qeruloe" (right hand) {rPois Will+++ Dex-3}
   (You took it off a deep elf sorcerer on level 3 of the Elven Halls)

   [ring of poison resistance]

   Dex-3:     It affects your dexterity (-3).
   rPois:     It protects you from poison Will+++: It greatly increases your
   willpower.
Wands
 i - a wand of flame (107)
 y - a wand of paralysis (21)
 D - a wand of iceblast (24)
 L - a wand of digging (11)
 T - a wand of light (5)
 X - a wand of mindburst (16)
Scrolls
 g - 9 scrolls of immolation
 k - 9 scrolls of poison
 n - 7 scrolls of vulnerability
 t - 19 scrolls of teleportation
 w - 2 scrolls of summoning
 x - 5 scrolls of blinking
 z - 3 scrolls of torment
 J - a scroll of amnesia
 K - 5 scrolls of fear
 Y - 7 scrolls of fog
Potions
 c - 13 potions of curing
 d - 8 potions of brilliance
 f - 4 potions of haste
 h - 3 potions of heal wounds
 l - 4 potions of cancellation
 r - a potion of ambrosia
 u - 8 potions of attraction
 v - 7 potions of invisibility
 A - 2 potions of berserk rage
 B - 6 potions of might
 G - 10 potions of enlightenment
 I - 10 potions of mutation
 S - 5 potions of resistance
 V - 3 potions of lignification
Miscellaneous
 O - a condenser vane
 P - a phial of floods
 R - a lightning rod (4/4)
 Z - a box of beasts


   Skills:
 - Level 20.0 Fighting
 - Level 20.0 Ranged Weapons
 + Level 10.8 Armour
 + Level 19.8 Dodging
 - Level 4.0 Stealth
 - Level 14.2 Spellcasting
 - Level 8.0 Conjurations
 - Level 11.0 Hexes
 - Level 23.0 Summonings
 - Level 5.0 Necromancy
 - Level 11.0 Translocations
 - Level 8.0 Earth Magic
 - Level 17.0 Invocations
 - Level 9.0 Evocations


You had 2 spell levels left.
You knew the following spells:

 Your Spells              Type           Power      Damage    Failure   Level
b - Dimensional Bullseye  Hex/Tloc       29%        N/A       1%          4
c - Jinxbite              Hex            100%       N/A       1%          2
f - Summon Forest         Summ/Tloc      37%        N/A       1%          5
g - Summon Cactus Giant   Summ           43%        N/A       1%          6
h - Summon Hydra          Summ           43%        N/A       1%          7
k - Martyr's Knell        Necr/Summ      67%        N/A       1%          4
m - Malign Gateway        Summ/Tloc      37%        N/A       5%          7
v - Summon Mana Viper     Hex/Summ       74%        N/A       1%          5
x - Summon Horrible Thin  Summ           43%        N/A       3%          8
X - Blink                 Tloc           100%       N/A       1%          2

Your spell library contained the following spells:

 Spells                   Type           Power      Damage    Failure   Level
 Summon Small Mammal      Summ           100%       N/A       0%          1
 Call Imp                 Summ           100%       N/A       0%          2
 Apportation              Tloc           100%       N/A       1%          1
 Foxfire                  Conj/Fire      100%       2x1d9     1%          1
 Kiss of Death            Conj/Necr      100%       2d13      1%          1
 Magic Dart               Conj           100%       1d8       1%          1
 Necrotise                Necr           100%       1d9       1%          1
 Sandblast                Erth           100%       2d20      1%          1
 Shock                    Conj/Air       100%       1d9       1%          1
 Sting                    Conj/Alch      100%       1d9       1%          1
 Ensorcelled Hibernation  Hex/Ice        78%        N/A       1%          2
 Lesser Beckoning         Tloc           100%       N/A       1%          2
 Momentum Strike          Conj/Tloc      100%       3d10      1%          2
 Searing Ray              Conj           100%       2d8       1%          2
 Static Discharge         Conj/Air       66%        3-6/arc   1%          2
 Sublimation of Blood     Necr           37%        N/A       1%          2
 Cigotuvi's Dreadful Rot  Necr/Alch/Air  44%        N/A       4%          2
 Mercury Vapours          Alch/Air       30%        N/A       10%         2
 Scorch                   Fire           30%        2d6       10%         2
 Call Canine Familiar     Summ           86%        N/A       0%          3
 Confusing Touch          Hex            59%        N/A       1%          3
 Dazzling Flash           Conj/Hex       100%       N/A       1%          3
 Gell's Gravitas          Tloc           59%        N/A       1%          3
 Inner Flame              Hex/Fire       39%        N/A       1%          3
 Passwall                 Erth           50%        N/A       1%          3
 Sigil of Binding         Hex            59%        N/A       1%          3
 Stone Arrow              Conj/Erth      100%       3d13      1%          3
 Summon Ice Beast         Ice/Summ       60%        N/A       1%          3
 Teleport Other           Tloc           59%        N/A       1%          3
 Volatile Blastmotes      Fire/Tloc      78%        2d16      1%          3
 Animate Armour           Summ/Erth      100%       N/A       1%          4
 Cause Fear               Hex            29%        N/A       1%          4
 Manifold Assault         Tloc           59%        N/A       1%          4
 Summon Lightning Spire   Summ/Air       60%        N/A       1%          4
 Monstrous Menagerie      Summ           43%        N/A       1%          7
 Fugue of the Fallen      Necr           37%        N/A       2%          3
 Vampiric Draining        Necr           37%        2d8       2%          3
 Anguish                  Hex/Necr       25%        N/A       2%          4
 Brom's Barrelling Bould  Conj/Erth      50%        2d7       2%          4
 Mephitic Cloud           Conj/Alch/Air  27%        N/A       7%          3
 Vhi's Electric Charge    Tloc/Air       78%        N/A       7%          4
 Dispel Undead            Necr           37%        3d15      9%          4
 Spellforged Servitor     Conj/Summ      35%        N/A       10%         7
 Dispersal                Tloc           29%        N/A       11%         6
 Flame Wave               Conj/Fire      33%        2d10      13%         4
 Fulminant Prism          Conj/Alch      16%        3d10      13%         4
 Leda's Liquefaction      Alch/Erth      16%        N/A       13%         4
 Petrify                  Alch/Erth      33%        N/A       13%         4
 Metabolic Englaciation   Hex/Ice        19%        N/A       19%         5
 Silence                  Hex/Air        19%        N/A       19%         5
 Yara's Violent Unravell  Hex/Alch       19%        3d9       19%         5
 Frozen Ramparts          Ice            30%        1d5       21%         3
 Ozocubu's Armour         Ice            15%        N/A       21%         3
 Swiftness                Air            15%        N/A       21%         3
 Curse of Agony           Necr           37%        N/A       24%         5
 Arcjolt                  Conj/Air       16%        1d26      34%         5
 Irradiate                Conj/Alch      16%        3d17      34%         5
 Bombard                  Conj/Erth      25%        9d5       36%         6
 Dragon's Call            Summ           43%        N/A       47%         9
 Enfeeble                 Hex            29%        N/A       52%         7
 Airstrike                Air            7%         2d(2-18)  54%         4
 Ignite Poison            Fire/Alch      15%        N/A       54%         4
 Olgreb's Toxic Radiance  Alch           15%        N/A       54%         4
 Sticky Flame             Fire/Alch      15%        2d5       54%         4
 Death Channel            Necr           18%        N/A       78%         6
 Alistair's Intoxication  Alch           10%        N/A       88%         5
 Conjure Ball Lightning   Conj/Air       16%        3x3d6     89%         6
 Starburst                Conj/Fire      16%        6d6       89%         6
 Eringya's Noxious Bog    Alch           7%         4d6       100%        6
 Plasma Beam              Fire/Air       7%         2x1d18    100%        6
 Ignition                 Fire           7%         3d5       100%        8
 Maxwell's Capacitive Co  Air            7%         ∞         100%        8
 Chain Lightning          Conj/Air       16%        3d22      100%        9
 Death's Door             Necr           18%        N/A       100%        9


Dungeon Overview and Level Annotations

Branches:
Dungeon (15/15)            Temple (1/1) D:5            Lair (5/5) D:9
 Shoals (4/4) Lair:2        Snake (4/4) Lair:3        Slime (5/5) Lair:4
    Orc (2/2) D:10            Elf (3/3) Orc:2        Vaults (4/5) D:14
  Crypt (0/3) Vaults:2     Depths (4/4) D:15            Zot (5/5) Depths:4
Gauntlet (visited)

Altars:
Ashenzari
Cheibriados
Dithmenos
Elyvilon
Fedhas
Gozag
Hepliaklqana
Kikubaaqudgha
Makhleb
Nemelex Xobeh
Okawaru
Qazlal
Ru
Sif Muna
Trog
Uskayaw
Vehumet
Wu Jian
Xom
Yredelemnul
Zin
The Shining One
Beogh
Jiyva

Shops:
D:2 *   Orc:1 (   Orc:2 =(!=   Elf:2 :[   Shoals:1 [   Vaults:1 :((*
Depths:1 *   Depths:4 *

Portals:
Hell: Depths:1 Depths:2 Depths:3 Depths:4
Abyss: Depths:2 Depths:3
Pandemonium: Depths:2
Ziggurat: Depths:1

Annotations:
D:4 Edmund
D:5 1 runed translucent door
Snake:1 Roxanne
Orc:1 2 runed translucent doors
Elf:2 5 runed translucent doors, exclusion: 5 doors
Zot:4 exclusion: downstairs


Innate Abilities, Weirdness & Mutations

You sometimes lose your temper in combat.
Armour fits poorly on your strangely shaped body.
Your body sometimes deteriorates upon taking damage.
Your magical capacity is low. (-10% MP)
You occasionally shout uncontrollably at your foes.
You are weak. (Str -2)
You expend magic power (3 MP) to strengthen your wands.


Message History

Unknown command.
You feel yourself speed up.
Unknown command.
Unknown command.
You see here a +0 falchion.
There is a stone staircase leading up here.
You climb upwards.
There is a stone staircase leading down here.
(D) Dungeon (T) Temple (L) Lair (A) Shoals (P) Snake Pit (M) Slime Pits (O) Orcish Mines (E) Elven Halls (V) Vaults (C) Crypt (U) Depths (H) Hell (Z) Zot
Where to? (Tab/Enter - D:1 @ (x,y), ? - help)
There is a stone staircase leading up, spattered with blood here.
You climb upwards.
There is a stone staircase leading down here.
You see here a centaur skeleton.
Your extra speed is starting to run out.
You feel yourself slow down.
There is a stone staircase leading up here.
You climb upwards.
Level annotation: 1 runed translucent door
There is a stone staircase leading down here.
There is a stone staircase leading up, spattered with blood here.
You climb upwards.
Level annotation: Edmund
There is a stone staircase leading down here.
There is a stone staircase leading up here.
You climb upwards.
There is a stone staircase leading down here.
There is a stone staircase leading up here.
You climb upwards.
There is a stone staircase leading down here.
There is a stone staircase leading up here.
You climb upwards.
There is a stone staircase leading down here.
There is an open door here.
There is an open door here.
There is a staircase leading out of the dungeon here.
You have escaped!

~P.~~♣♣.~~♣♣~# #..........##..##.
~PP~~♣♣♣~~♣♣~# ####..............
~.P~~♣P♣~~PP~# ##+######.#.....
~..~~P♣♣~~P♣~# #.....###.).....
~♣P~~PPP~~.♣~# #.........#...##
~♣.~~~~~~~PP~#####......##.#...##
~P♣~.....~.P~#...#...............
~~~~.###[~~~~#...#......##....###
.....#§#.....'..@#...............
~~~~.###.~~~~#...#.........÷.....
~♣P~.....~PP~#...#...............
~♣♣~~~~~~~PP~#####...............
~P♣~~♣♣.~~P♣~# #................
~♣.~~P.♣~~PP~# ##................
~PP~~♣..~~♣P~###..####....÷......
~♣.~~♣P♣~~♣P~##..## #...........
~♣♣~~♣P♣~~P.~##.## #...........


There were no monsters in sight!

Vanquished Creatures
  An orb of fire (Zot:5)
  An ancient lich (Zot:4)
  Josephina (Depths:3)
  Sojobo (Depths:1)
  Vashnia (Snake:2)
  A Killer Klown (Zot:5)
  10 golden dragons
  the Enchantress (Depths:3)
  2 doom hounds (Depths:3)
  12 Orb Guardians
  A lich (Depths:2)
  11 tentacled monstrosities
  Grunn (Depths:3)
  3 sphinxes
  3 quicksilver dragons
  17 acid blobs
  9 death cobs
  A kraken (Shoals:1)
  Kirke (D:14)
  3 shadow dragons
  A tengu reaver (Depths:3)
  9 storm dragons
  A revenant (Vaults:2)
  3 azure jellies
  4 rockslimes
  5 draconian monks
  4 fire giants
  2 draconian knights
  5 nagarajas
  A frost giant (Depths:1)
  5 vault wardens
  9 deep elf sorcerers
  3 draconian scorchers
  6 draconian shifters
  4 draconian stormcallers
  An orc warlord (Vaults:3)
  A ghost moth (Zot:4)
  8 deep elf elementalists
  A cacodemon (Depths:4)
  A curse skull (Depths:2)
  A reaper (D:14)
  9 ironbound preservers
  5 draconian annihilators
  9 very ugly things
  6 quicksilver oozes
  A formless jellyfish (Slime:5)
  5 ironbound thunderhulks
  9 stone giants
  4 spriggan defenders (Depths:3)
  8 green draconians
  5 deep elf demonologists
  2 vampire knights
  5 deep elf annihilators (Elf:3)
  4 purple draconians
  10 black draconians
  2 minotaurs (Shoals:4)
  11 yellow draconians
  6 white draconians
  4 deep elf death magi
  A dire elephant (Snake:1)
  8 spark wasps
  10 red draconians
  2 fire dragons
  2 merfolk impalers (Shoals:2)
  A green death (Depths:2)
  5 ettins
  2 entropy weavers
  A merfolk javelineer (Shoals:4)
  4 yaktaur captains
  9 deep elf high priests
  A jiangshi (Vaults:2)
  7 great orbs of eyes
  3 ice dragons
  4 rakshasas
  The ghost of NormalPerson7 the Skirmisher, a journeyman KoHs of Nemelex Xobeh (D:11)
  3 salamander tyrants
  6 ironbound frosthearts
  8 spriggan air magi
  3 hydras
  7 anacondas
  A catoblepas (D:13)
  8 centaur warriors
  A merfolk aquamancer (Depths:2)
  10 dancing weapons
  2 merfolk avatars
  6 boulder beetles
  3 two-headed ogres
  4 deep troll shamans
  7 satyrs
  6 deep troll earth magi
  An occultist (Depths:3)
  4 tengu warriors
  8 shock serpents
  4 demonic crawlers
  A spriggan berserker (Depths:3)
  3 death yaks
  8 naga sharpshooters
  12 naga warriors
  4 deep elf knights
  6 soul eaters (Depths:2)
  A sun demon (Depths:4)
  2 hell knights (Depths:1)
  4 skysharks
  A fire crab (shapeshifter) (D:13)
  3 skeletal warriors (D:15)
  5 iron trolls
  10 mana vipers
  A large abomination (Elf:1)
  10 sea snakes
  2 salamander mystics (Snake:4)
  A flayed ghost (Depths:3)
  3 glowing orange brains
  10 naga ritualists
  An orb spider (Zot:4)
  6 arcanists
  3 thermic dynamos (Elf:3)
  6 necromancers
  An obsidian statue (Zot:5)
  24 deep trolls
  A phantasmal warrior (Vaults:2)
  13 deep elf zephyrmancers
  14 ironbound convokers
  Pikel (D:8)
  A harpy (shapeshifter) (D:15)
  A steelbarb worm (shapeshifter) (Depths:4)
  2 lindwurms
  10 deep elf archers
  An orc knight (D:14)
  16 deep elf pyromancers
  19 harpies
  A steelbarb worm (Zot:4)
  2 orc sorcerers
  A wolf spider (shapeshifter) (Depths:3)
  7 salamanders
  29 ugly things
  A wolf spider (D:14)
  3 cyclopes
  5 shining eyes
  A shining eye (shapeshifter) (Depths:4)
  19 manticores
  23 fauns
  18 moths of wrath
  5 merfolk sirens
  An oklob plant (Lair:4)
  7 elephants
  A kobold blastminer (Orc:2)
  4 guardian serpents
  3 meliai (D:14)
  11 vault sentinels
  5 water nymphs
  29 black mambas
  2 gargoyles
  An eye of devastation (Slime:1)
  9 naga magi
  8 cane toads
  A torpor snail (Lair:5)
  Maggie (D:7)
  A kobold demonologist (D:11)
  An orange demon (Depths:4)
  A golden dragon simulacrum (Depths:3)
  5 nameless horrors
  2 freezing wraiths
  3 efreet
  9 komodo dragons
  12 yaktaurs
  A rime drake (Lair:5)
  A silent spectre (Depths:2)
  A tormentor (Zot:1)
  6 tengu conjurers
  5 wind drakes
  A polar bear (Lair:3)
  A tyrant leech (Lair:5)
  21 merfolk
  10 trolls
  A tengu simulacrum (Depths:3)
  6 blink frogs (Lair:3)
  8 hornets
  A frost giant simulacrum (Depths:3)
  8 snapping turtles
  Sigmund (D:4)
  5 dream sheep
  71 slime creatures
  3 glass eyes
  2 shadows
  A wraith (D:11)
  An air elemental (Elf:2)
  7 spriggans (Depths:3)
  6 wyverns
  18 yaks
  A vampire (D:14)
  2 ynoxinuls (D:9)
  A warg (Orc:1)
  2 hogs (D:14)
  7 golden eyes
  3 steam dragons
  A human (Shoals:4)
  6 water elementals
  A fire elemental (Elf:3)
  A vampire mosquito (D:14)
  A redback (Vaults:3)
  40 nagas
  2 chaos spawn
  4 acid dragons
  A swamp worm (shapeshifter) (Vaults:1)
  21 water moccasins
  A swamp drake (Lair:5)
  24 orc warriors
  A sky beast (D:7)
  A black bear (D:8)
  A laughing skull (Vaults:2)
  7 ogres
  4 boggarts
  4 phantoms
  5 wolves
  20 centaurs
  4 lemures (D:8)
  19 kobold brigands
  11 bullfrogs
  3 elf zombies (Elf:1)
  A gnoll sergeant (D:7)
  4 earth elementals
  7 scorpions
  A glowing shapeshifter simulacrum (Depths:3)
  4 wights (D:7)
  15 killer bees
  3 electric eels
  7 howler monkeys
  2 bombardier beetles
  3 hounds
  5 jellies
  2 gnoll boudas
  9 orc priests
  2 sleepcaps
  2 hell rats (D:12)
  8 iguanas
  19 orc wizards
  4 polar bear simulacra (Lair:3)
  A wolf simulacrum (Lair:3)
  14 gnolls
  7 adders
  4 river rats
  A white imp (D:5)
  13 ufetubi
  2 ribbon worms
  The ghost of fly the Sneak, a weakling KoDe (D:5)
  3 dart slugs
  45 orcs
  16 endoplasms
  12 giant cockroaches
  8 hobgoblins
  A jackal (D:7)
  28 kobolds
  3 quokkas
  16 ball pythons
  6 bats
  3 frilled lizards
  6 goblins
  14 rats
  A river rat simulacrum (Lair:3)
1541 creatures vanquished.

Vanquished Creatures (collateral kills)
  the Royal Jelly (Slime:5)
  Tiamat (Depths:4)
  3 ancient liches
  A dread lich (Zot:5)
  An orb of fire (Zot:5)
  Mara (Snake:3)
  Boris (Depths:2)
  2 curse toes
  4 Killer Klowns (Zot:5)
  4 golden dragons
  Norris (Depths:1)
  2 bone dragons
  2 electric golems (Zot:5)
  A doom hound (Zot:2)
  4 tentacled monstrosities
  16 Orb Guardians
  2 deep elf blademasters (Elf:3)
  2 liches
  Asterion (Depths:2)
  2 quicksilver dragons
  A deep elf master archer (Elf:3)
  4 acid blobs (Slime:5)
  6 shadow dragons
  4 death cobs
  3 tengu reavers
  An eldritch tentacle (Zot:1)
  5 azure jellies
  2 protean progenitors (Zot:5)
  4 storm dragons
  Aizul (Snake:4)
  A fire giant (Depths:4)
  3 rockslimes
  2 draconian knights
  A draconian monk (Zot:2)
  A frost giant (Vaults:1)
  A draconian scorcher (Zot:2)
  3 deep elf elementalists (Elf:3)
  3 vault wardens
  3 draconian shifters
  A draconian annihilator (Depths:2)
  6 ironbound preservers
  A balrug (Zot:1)
  2 ghost moths (Zot:1)
  2 draconian stormcallers
  A formless jellyfish (Slime:5)
  4 quicksilver oozes
  3 ironbound thunderhulks
  An orc warlord (Orc:1)
  2 stone giants
  2 very ugly things (Depths:4)
  2 purple draconians (Zot:1)
  7 black draconians
  2 green draconians
  6 yellow draconians
  4 white draconians
  A deep elf demonologist (Depths:2)
  2 minotaurs
  6 red draconians
  A spark wasp (Depths:3)
  A deep elf annihilator (Elf:3)
  A blizzard demon (Zot:5)
  3 fire dragons
  A merfolk javelineer (Shoals:4)
  2 entropy weavers
  2 yaktaur captains
  2 merfolk impalers (Shoals:1)
  A deep elf high priest (Elf:3)
  Fannar (Orc:1)
  An ice dragon (Zot:5)
  3 great orbs of eyes
  4 hydras
  A spriggan air mage (Depths:3)
  An ogre mage (D:14)
  An ironbound frostheart (Vaults:1)
  3 anacondas
  2 boulder beetles
  2 dancing weapons (Elf:3)
  6 centaur warriors
  5 death yaks
  3 deep troll shamans
  A two-headed ogre (D:11)
  2 deep troll earth magi
  4 satyrs
  A tengu warrior (Depths:4)
  3 spriggan berserkers (Depths:4)
  6 hell knights (Depths:1)
  2 naga warriors
  4 sun demons (Zot:1)
  A naga sharpshooter (Snake:2)
  A spriggan (Depths:4)
  A deep elf knight (Elf:1)
  4 iron trolls
  7 skysharks
  2 salamander mystics (Snake:4)
  3 sea snakes
  2 skeletal warriors (D:15)
  4 sixfirhies (Gauntlet)
  A large abomination (Elf:1)
  2 naga ritualists
  4 mana vipers
  26 deep trolls
  An arcanist (Vaults:1)
  6 orc knights
  A swamp dragon (Lair:5)
  2 harpies (Shoals:3)
  2 thermic dynamos (Elf:3)
  2 deep elf pyromancers
  3 ironbound convokers
  11 ugly things
  3 salamanders
  4 fauns
  4 cyclopes
  3 manticores
  11 elephants
  4 moths of wrath
  6 kobold blastminers
  7 cane toads
  9 black mambas
  5 vault sentinels
  4 torpor snails (Lair:5)
  10 yaktaurs
  2 rime drakes
  5 komodo dragons
  A kobold demonologist (D:14)
  2 trolls (Orc:1)
  9 merfolk
  6 hornets
  6 polar bears
  A tarantella (Shoals:4)
  3 tyrant leeches (Lair:5)
  2 nameless horrors (Zot:5)
  2 wind drakes
  3 blink frogs (Lair:3)
  13 dream sheep
  31 slime creatures
  23 yaks
  2 hogs (D:14)
  A steam dragon (Lair:5)
  4 basilisks
  A vampire mosquito (D:14)
  2 wargs
  2 redbacks (Gauntlet)
  2 acid dragons (Lair:5)
  5 nagas
  2 water moccasins
  21 orc warriors
  A swamp drake (Snake:1)
  A black bear (Lair:2)
  6 centaurs
  2 boggarts (D:14)
  2 ogres (Orc:1)
  An elf zombie (Elf:1)
  An orc priest (Orc:2)
  An iguana (Lair:5)
  5 orc wizards
  A polar bear simulacrum (Lair:3)
  3 wolf simulacra (Lair:3)
  2 river rats
  18 orcs
  4 rats (D:12)
  A river rat simulacrum (Lair:3)
  3 spectral weapons (Zot:5)
585 creatures vanquished.

Vanquished Creatures (others)
  32 eldritch tentacles
  A harpy (Shoals:3)
  A deep elf zephyrmancer (Depths:2)
  An iron dragon simulacrum (Depths:3)
  A nameless horror (Zot:5)
  2 humans
  An ogre (Orc:1)
  5 orcs (Orc:1)
  44 snaplasher vines
  17 tentacles (Shoals:1)
105 creatures vanquished.

Grand Total: 2231 creatures vanquished

Notes
Turn   | Place    | Note
-------+----------+-------------------------------------------
     0 | D:1      | NormalPerson7 the Deep Elf Hunter began the quest for the
                  | Orb.
     0 | D:1      | Reached XP level 1. HP: 12/12 MP: 3/3
   541 | D:1      | Reached XP level 2. HP: 16/16 MP: 4/4
  1108 | D:1      | Reached XP level 3. HP: 20/20 MP: 5/5
  2214 | D:2      | Found Kaimpoto's Assorted Antiques.
  2680 | D:3      | Reached XP level 4. HP: 24/25 MP: 6/6
  2826 | D:3      | Found a glowing golden altar of the Shining One.
  3160 | D:3      | Found a glowing golden altar of the Shining One.
  3362 | D:4      | Noticed Edmund
  3405 | D:4      | Noticed a phantom
  3418 | D:4      | Killed a phantom
  3419 | D:4      | Reached XP level 5. HP: 26/29 MP: 3/7
  3573 | D:4      | Found an ancient bone altar of Kikubaaqudgha.
  3576 | D:4      | Noticed a human
  3577 | D:4      | Killed a human
  3668 | D:4      | Found an iron altar of Okawaru.
  3684 | D:4      | Noticed Sigmund
  3693 | D:4      | Killed Sigmund
  3694 | D:4      | Reached XP level 6. HP: 34/34 MP: 8/8
  3858 | D:4      | Reached skill level 10 in Ranged Weapons
  3873 | D:4      | Reached XP level 7. HP: 38/38 MP: 9/9
  4005 | D:4      | Reached skill level 1 in Evocations
  5012 | D:5      | Entered Level 5 of the Dungeon
  5113 | D:5      | Found a shadowy altar of Dithmenos.
  5378 | D:5      | Found a broken altar of Ashenzari.
  5869 | D:5      | Reached XP level 8. HP: 27/46 MP: 6/10
  5956 | D:5      | Found a runed translucent door.
  5964 | D:5      | Noticed fly's ghost (weakling KoDe)
  6111 | D:5      | Found a bloodstained altar of Trog.
  6114 | D:5      | Found a sacrificial altar of Ru.
  6114 | D:5      | Found a sparkling altar of Nemelex Xobeh.
  6121 | D:5      | Became a worshipper of Nemelex Xobeh the Trickster
  6128 | D:5      | Reached skill level 5 in Evocations
  6170 | D:5      | Found a staircase to the Ecumenical Temple.
  6220 | D:5      | Found a runed translucent door.
  6393 | D:5      | Found a glowing silver altar of Zin.
  6669 | D:5      | Reached skill level 5 in Dodging
  6757 | D:5      | Reached skill level 1 in Conjurations
  6757 | D:5      | Reached skill level 1 in Earth Magic
  7772 | D:5      | Killed fly's ghost
  8421 | D:6      | Reached * piety under Nemelex Xobeh
  9129 | D:7      | Noticed Prince Ribbit
  9231 | D:6      | Reached XP level 9. HP: 50/52 MP: 9/11
  9301 | D:7      | Learned a level 3 spell: Stone Arrow
  9409 | D:7      | Received a gift from Nemelex Xobeh
  9746 | D:7      | Reached skill level 5 in Conjurations
  9751 | D:7      | Reached skill level 5 in Earth Magic
  9793 | D:7      | Prince Ribbit changed into Prince Ribbit the boggart
  9793 | D:7      | Noticed Prince Ribbit
  9795 | D:7      | Killed Prince Ribbit the boggart
 10400 | D:7      | Noticed Maggie
 10818 | D:8      | Found an opulent altar of Gozag.
 11195 | D:8      | Noticed Pikel
 11890 | D:7      | Learned a level 4 spell: Brom's Barrelling Boulder
 12019 | D:8      | Reached skill level 1 in Hexes
 12070 | D:9      | Reached XP level 10. HP: 44/56 MP: 9/12
 12073 | D:9      | Learned a level 2 spell: Jinxbite
 12324 | D:10     | Entered Level 10 of the Dungeon
 12458 | D:9      | Found a snail-covered altar of Cheibriados.
 12887 | D:9      | Identified the +0 robe of Ragoed {-Tele Int+2 Dex+2}
 13494 | D:9      | Reached skill level 1 in Spellcasting
 13528 | D:9      | Found a staircase to the Lair.
 13528 | D:9      | Reached ** piety under Nemelex Xobeh
 14225 | D:10     | Found a staircase to the Orcish Mines.
 15440 | D:11     | Reached XP level 11. HP: 62/62 MP: 9/19
 15561 | D:11     | Noticed a deep elf pyromancer
 15562 | D:11     | Noticed a two-headed ogre
 15562 | D:11     | Noticed NormalPerson7's ghost (journeyman KoHs)
 15563 | D:11     | Found a transporter.
 15569 | D:11     | Noticed an arcanist
 15580 | D:11     | Reached skill level 5 in Fighting
 15933 | D:11     | Found a transporter.
 15951 | D:11     | Reached *** piety under Nemelex Xobeh
 16675 | D:8      | Found an opulent altar of Gozag.
 16900 | D:8      | Reached skill level 1 in Invocations
 17377 | D:8      | Killed Pikel
 17566 | D:7      | Killed Maggie
 17847 | Temple   | Entered the Ecumenical Temple
 17959 | Lair:1   | Entered Level 1 of the Lair of Beasts
 18236 | Lair:1   | Reached skill level 5 in Hexes
 18457 | Lair:1   | Reached skill level 1 in Summonings
 18680 | Lair:1   | Reached skill level 2 in Summonings
 18721 | Lair:1   | You fall into a shaft and drop 1 floor!
 18754 | Lair:1   | Reached skill level 3 in Summonings
 18845 | Lair:1   | Noticed a death yak
 18846 | Lair:1   | Noticed a death yak
 19267 | Lair:1   | Noticed a death yak
 19378 | Orc:1    | Entered Level 1 of the Orcish Mines
 19378 | Orc:1    | Found a runed translucent door.
 19388 | Orc:1    | Found the +10 tower shield of Ignorance {rN+ Int-4}
 19409 | Orc:1    | Found a runed translucent door.
 19416 | Orc:1    | Noticed an orc sorcerer
 19437 | Orc:1    | Killed an orc sorcerer
 19438 | Orc:1    | Reached skill level 4 in Summonings
 19699 | D:12     | Noticed a purple ugly thing
 19716 | D:11     | Killed a purple ugly thing
 19717 | D:11     | Reached skill level 5 in Summonings
 19878 | D:12     | Reached skill level 6 in Summonings
 20308 | D:11     | Identified the +7 glaive of the Undead {flame, rElec rF+
                  | MP+9 Dex+3}
 20320 | D:11     | Reached skill level 7 in Summonings
 20384 | D:11     | Noticed an eight-headed hydra
 20384 | D:11     | Noticed a two-headed ogre
 20539 | D:11     | Noticed a two-headed ogre
 20550 | D:11     | Killed a two-headed ogre
 20551 | D:11     | Reached XP level 12. HP: 70/70 MP: 16/20
 20559 | D:11     | Learned a level 5 spell: Summon Mana Viper
 20815 | D:11     | Noticed a deep troll earth mage
 20876 | D:11     | Killed a deep troll earth mage
 21212 | D:11     | Killed an eight-headed hydra
 21443 | D:11     | Identified the staff "Ropp" {rPois rC+ Str-3 Int+4 Summ
                  | Ice}
 21619 | Lair:1   | Killed a death yak
 21765 | Lair:1   | Killed a death yak
 21766 | Lair:1   | Reached skill level 10 in Hexes
 21766 | Lair:1   | Reached skill level 8 in Summonings
 21789 | Lair:1   | Killed a death yak
 23286 | Lair:2   | Noticed a four-headed hydra
 23744 | Lair:2   | Found a staircase to the Shoals.
 23963 | Lair:2   | Reached skill level 9 in Summonings
 24052 | Lair:2   | Reached skill level 1 in Translocations
 24115 | Lair:2   | Identified the +5 sling of Ash {heavy, Fly rPois rF+ Dex-2}
 24213 | Lair:2   | Reached **** piety under Nemelex Xobeh
 24678 | Lair:2   | Noticed a five-headed hydra
 24974 | Lair:2   | Reached XP level 13. HP: 65/74 MP: 15/21
 25139 | Lair:2   | Reached skill level 5 in Translocations
 25391 | Lair:2   | Received a gift from Nemelex Xobeh
 25409 | Lair:2   | Got the Tome of the Xanthotic Volley
 26147 | Lair:2   | Learned a level 5 spell: Summon Forest
 26362 | Lair:3   | Received a gift from Nemelex Xobeh
 26635 | Lair:3   | Found a staircase to the Snake Pit.
 27487 | Lair:4   | Reached skill level 10 in Summonings
 27487 | Lair:4   | Reached skill level 10 in Translocations
 27496 | Lair:4   | Reached skill level 5 in Spellcasting
 27607 | Lair:4   | Received a gift from Nemelex Xobeh
 27914 | Lair:4   | Found a viscous altar of Jiyva.
 27952 | Lair:4   | Found a staircase to the Slime Pits.
 28396 | Lair:5   | Entered Level 5 of the Lair of Beasts
 28646 | Lair:5   | Received a gift from Nemelex Xobeh
 28883 | Lair:5   | Reached XP level 14. HP: 80/80 MP: 8/28
 28884 | Lair:5   | Reached skill level 5 in Invocations
 29783 | Lair:5   | Reached ***** piety under Nemelex Xobeh
 30007 | Lair:5   | Learned a level 4 spell: Martyr's Knell
 30114 | Lair:5   | Reached skill level 1 in Necromancy
 30692 | Lair:5   | Reached skill level 5 in Necromancy
 30969 | Lair:5   | Identified the storm talisman of the Equator {rF+++ rC+
                  | Int-2 Slay-4}
 31125 | Lair:5   | Paralysed by a hornet for 3 turns
 31935 | Lair:5   | Reached skill level 11 in Summonings
 32354 | D:2      | Bought a potion of invisibility for 216 gold pieces
 32354 | D:2      | Bought a potion of heal wounds for 135 gold pieces
 32354 | D:2      | Bought a potion of haste for 270 gold pieces
 32883 | D:12     | Identified a scroll of acquirement
 32993 | Orc:2    | Entered Level 2 of the Orcish Mines
 33104 | Orc:2    | Found a roughly hewn altar of Beogh.
 33152 | Orc:1    | Noticed an orc warlord
 33154 | Orc:1    | Reached skill level 12 in Summonings
 33154 | Orc:1    | Noticed Fannar
 33168 | Orc:1    | Killed an orc warlord
 33178 | Orc:1    | Killed Fannar
 33318 | Orc:1    | Found Dafem's Weapon Emporium.
 33698 | Orc:1    | Found a bloodstained altar of Trog.
 34023 | Orc:2    | Learned a level 6 spell: Summon Cactus Giant
 34169 | Orc:2    | Reached skill level 13 in Summonings
 34799 | Orc:2    | Found Jeseluf's Weapon Shoppe.
 34799 | Orc:2    | Found Fyidoum's Distillery.
 34801 | Orc:2    | Found Oroteed's Jewellery Shop.
 34803 | Orc:2    | Found Beimeobb's Jewellery Emporium.
 34839 | Orc:2    | Reached XP level 15. HP: 81/84 MP: 13/29
 35042 | Orc:2    | Found a staircase to the Elven Halls.
 35471 | Orc:2    | Bought the +8 storm bow {elec, penet} for 1011 gold pieces
 35471 | Orc:2    | Found the +8 storm bow {elec, penet}
 35475 | Orc:2    | Bought the amulet "Cuisiud" {Faith rElec Regen+} for 648
                  | gold pieces
 35635 | D:12     | Acquired the ring of Xior {rPois rF+ Str+4}
 36195 | D:13     | Received a gift from Nemelex Xobeh
 36378 | D:13     | Reached skill level 15 in Ranged Weapons
 36486 | D:13     | Found a gate leading to a gauntlet.
 36490 | Gauntlet | Entered a Gauntlet
 36490 | Gauntlet | Found a transporter.
 36490 | Gauntlet | Found a transporter.
 36548 | Gauntlet | Found a transporter.
 36564 | Gauntlet | Found a transporter.
 36573 | Gauntlet | Found a transporter.
 36583 | Gauntlet | Found a transporter.
 36598 | Gauntlet | Found a transporter.
 36600 | Gauntlet | Found a large runed translucent door.
 36601 | Gauntlet | Found a large runed translucent door.
 36602 | Gauntlet | Found a large runed translucent door.
 36602 | Gauntlet | Found a large runed translucent door.
 36603 | Gauntlet | Found a runed translucent gate.
 36604 | Gauntlet | Found a transporter.
 36604 | Gauntlet | Found a runed translucent gate.
 36605 | Gauntlet | Found a runed translucent gate.
 36606 | Gauntlet | Found a large runed translucent door.
 36606 | Gauntlet | Found a large runed translucent door.
 36607 | Gauntlet | Found a large runed translucent door.
 36608 | Gauntlet | Found a large runed translucent door.
 36618 | Gauntlet | Found a transporter.
 36619 | Gauntlet | Found a large runed translucent door.
 36619 | Gauntlet | Found a large runed translucent door.
 36619 | Gauntlet | Found a runed translucent door.
 36620 | Gauntlet | Found a large runed translucent door.
 36621 | Gauntlet | Found a large runed translucent door.
 36623 | Gauntlet | Found a transporter.
 36624 | Gauntlet | Found a runed translucent door.
 36627 | Gauntlet | Found a transporter.
 36630 | Gauntlet | Found a large runed translucent door.
 36630 | Gauntlet | Found a large runed translucent door.
 36631 | Gauntlet | Found a large runed translucent door.
 36632 | Gauntlet | Found a large runed translucent door.
 36652 | Gauntlet | Found a transporter.
 36978 | Gauntlet | Identified the ring "Sieryso" {Fly Str+6 Dex-5}
 36982 | Gauntlet | Identified the amulet "Fassal" {Acrobat rN+}
 37049 | Gauntlet | Identified the +0 leather armour "Omosopopt" {Str+4}
 37178 | D:13     | Learned a level 2 spell: Blink
 37433 | D:13     | Received a gift from Nemelex Xobeh
 37741 | D:14     | Noticed Kirke
 37762 | D:14     | Killed Kirke
 38422 | D:14     | Found a gate to the Vaults.
 38815 | D:15     | Entered Level 15 of the Dungeon
 38819 | D:15     | Reached XP level 16. HP: 90/90 MP: 30/30
 39567 | D:15     | Found a staircase to the Depths.
 40229 | D:15     | Acquired the Omnibus of Star-crossed Electrocution
 40236 | D:15     | Learned a level 4 spell: Dimensional Bullseye
 40236 | D:15     | Acquired the Papyrus of the Band
 40238 | D:15     | Acquired the +1 cloak of Servitude {rCorr Int+5}
 40361 | D:11     | Killed NormalPerson7's ghost
 40363 | D:11     | Identified the +0 ring mail of Servitude {rElec rCorr}
 40463 | D:11     | Reached skill level 10 in Invocations
 40583 | Shoals:1 | Entered Level 1 of the Shoals
 40592 | Shoals:1 | Upgraded the game from 0.32-a0-534-ga61f84b8bd to
                  | 0.32-a0-543-gefe97123c3
 40742 | Shoals:1 | Noticed a kraken
 41096 | Shoals:1 | Received a gift from Nemelex Xobeh
 41320 | Shoals:1 | Found Saevoupoi's Armour Shop.
 41383 | Shoals:1 | Killed a kraken
 42254 | Shoals:2 | Received a gift from Nemelex Xobeh
 42679 | Shoals:3 | Reached XP level 17. HP: 101/101 MP: 15/31
 42776 | Shoals:3 | Reached skill level 10 in Fighting
 43394 | Shoals:3 | Received a gift from Nemelex Xobeh
 43695 | Shoals:4 | Entered Level 4 of the Shoals
 43719 | Shoals:4 | Reached skill level 10 in Spellcasting
 43744 | Shoals:4 | Noticed a sphinx
 43753 | Shoals:4 | Killed a sphinx
 44059 | Shoals:4 | Learned a level 4 spell: Summon Lightning Spire
 44098 | Shoals:4 | Reached skill level 14 in Summonings
 44359 | Shoals:4 | Got a barnacled rune of Zot
 44748 | Shoals:4 | Reached skill level 15 in Summonings
 44780 | Shoals:4 | Identified the staff of Disarray {rPois Str+3 SInv Alchemy}
 44891 | Shoals:4 | Received a gift from Nemelex Xobeh
 44915 | Shoals:4 | Identified the +3 whip of Uskayaw, Stopping {heavy, Stlth+}
 45062 | Snake:1  | Entered Level 1 of the Snake Pit
 45142 | Snake:1  | Reached skill level 10 in Dodging
 45322 | Snake:1  | Noticed Nikola
 45323 | Snake:1  | Nikola changed into Nikola the dire elephant
 45323 | Snake:1  | Noticed Nikola
 45328 | Snake:1  | Killed Nikola the dire elephant
 45572 | Snake:1  | Reached XP level 18. HP: 110/110 MP: 18/34
 45663 | Snake:1  | Received a gift from Nemelex Xobeh
 45957 | Snake:1  | Noticed Roxanne
 46263 | Snake:2  | Received a gift from Nemelex Xobeh
 46350 | Snake:2  | Noticed Vashnia
 46392 | Snake:2  | Learned a level 7 spell: Monstrous Menagerie
 46406 | Snake:2  | Killed Vashnia
 46571 | Snake:2  | Identified the +0 robe of Sloth {rPois Dex+3}
 46758 | Snake:2  | Received a gift from Nemelex Xobeh
 46935 | Snake:3  | Reached skill level 16 in Summonings
 46989 | Snake:3  | Identified the +1 leather armour of the Akabeko {*Slow rC+
                  | Str+5 Stlth+}
 47029 | Snake:3  | Received a gift from Nemelex Xobeh
 47248 | Snake:3  | Noticed Mara
 47266 | Snake:3  | Killed Mara
 47597 | Snake:3  | Received a gift from Nemelex Xobeh
 47774 | Snake:4  | Entered Level 4 of the Snake Pit
 47847 | Snake:4  | Identified the serpent talisman of Zaomneg {rN++}
 47847 | Snake:4  | Noticed Aizul
 47859 | Snake:4  | Killed Aizul
 48180 | Snake:4  | Reached ****** piety under Nemelex Xobeh
 48200 | Snake:4  | Received a gift from Nemelex Xobeh
 48658 | Snake:4  | Received a gift from Nemelex Xobeh
 49175 | Snake:4  | Reached XP level 19. HP: 119/119 MP: 36/36
 49205 | Snake:4  | Got a serpentine rune of Zot
 49664 | Orc:2    | Bought the ring "Suczogg" {rF+ Will+} for 601 gold pieces
 49698 | Elf:1    | Entered Level 1 of the Elven Halls
 49767 | Elf:1    | You fall into a shaft and drop 1 floor!
 49827 | Elf:2    | Found Qaesch's Armour Emporium.
 49849 | Elf:2    | Found Ciompuum's Book Emporium.
 49997 | Elf:2    | Received a gift from Nemelex Xobeh
 50231 | Elf:2    | Found a huge runed translucent gate.
 50231 | Elf:2    | Found a huge runed translucent gate.
 50231 | Elf:2    | Found a huge runed translucent gate.
 50232 | Elf:2    | Found a huge runed translucent gate.
 50234 | Elf:2    | Found a huge runed translucent gate.
 50285 | Elf:2    | Received a gift from Nemelex Xobeh
 50291 | Elf:2    | Paralysed by an air elemental for 1 turns
 50633 | Elf:1    | Got Iruang's Excursus on the Necropsy
 51047 | Elf:1    | Received a gift from Nemelex Xobeh
 51229 | Elf:1    | Identified the +3 rapier "Ogre's Peril" {holy, ^Contam
                  | Int+3 Dex+3 SInv}
 51467 | Elf:2    | Received a gift from Nemelex Xobeh
 51476 | Elf:2    | Reached skill level 1 in Armour
 51528 | Elf:2    | Found a portal to a secret trove of treasure.
 51889 | Elf:3    | Entered Level 3 of the Elven Halls
 52419 | Elf:3    | Received a gift from Nemelex Xobeh
 52819 | Elf:2    | Bought quicksilver dragon scales for 660 gold pieces
 53442 | Elf:3    | Identified the +4 flail "Uroeb" {drain, *Rage Str+4}
 53975 | Elf:3    | Identified the ring "Raocinue" {*Corrode rN+ Will+++
                  | Stlth+}
 54169 | Elf:3    | Reached skill level 5 in Armour
 54285 | Elf:3    | Identified the +6 rapier of Courage {antimagic, rF++ rCorr
                  | Dex-4}
 54285 | Elf:3    | Identified the ring "Qeruloe" {rPois Will+++ Dex-3}
 54318 | Elf:3    | Identified the +3 mace of the Inferno {freeze, Dex+2}
 54341 | Elf:3    | Reached skill level 17 in Summonings
 54637 | Elf:3    | Identified the +2 long sword "Bivo" {freeze, *Slow Str+5}
 54768 | Elf:3    | Identified the ring of Tegig {rCorr Str+3}
 55065 | Elf:3    | Identified the +2 pair of boots of Oshy {rElec}
 55085 | Elf:3    | Got Naublere's Omnibus of Comburant Damage
 55123 | Elf:3    | Got the Book of Alpine Damage
 55132 | Elf:3    | Identified the staff "Tellor" {rC++ rN+ Str-2 Dex+4 Necro}
 55137 | Elf:3    | Identified the +0 spear "Zoedyali" {pain, rF- Str+6 SInv}
 55350 | Orc:2    | Bought a ring of protection from cold for 300 gold pieces
 55529 | Vaults:1 | Entered Level 1 of the Vaults
 55529 | Vaults:1 | Found Apta's Book Shoppe.
 55549 | Vaults:1 | Received a gift from Nemelex Xobeh
 55709 | Vaults:1 | Reached XP level 20. HP: 124/124 MP: 37/37
 55720 | Vaults:1 | Found Cisa Apn's Antique Weapon Shoppe.
 55760 | Vaults:1 | Reached skill level 18 in Summonings
 55875 | Vaults:1 | Received a gift from Nemelex Xobeh
 56422 | Vaults:1 | Identified the +11 shortbow "Orb Guardian's Bane"
                  | {antimagic, Will+}
 56631 | Vaults:1 | Found Seymu's Weapon Shoppe.
 56645 | Vaults:1 | Learned a level 7 spell: Summon Hydra
 56832 | Vaults:1 | Reached skill level 15 in Dodging
 57025 | Vaults:1 | Received a gift from Nemelex Xobeh
 57026 | Vaults:1 | Found Efilul's Assorted Antiques.
 57737 | Vaults:2 | Found a flickering gateway to a bazaar.
 57744 | Bazaar   | Entered a bazaar
 57744 | Bazaar   | Found Ciwkata's General Store.
 57772 | Bazaar   | Found Boniphibb's Antique Weapon Shop.
 57792 | Bazaar   | Found Ciro's Antique Armour Shop.
 57815 | Bazaar   | Bought a scroll of teleportation for 39 gold pieces
 57815 | Bazaar   | Bought a potion of resistance for 130 gold pieces
 57815 | Bazaar   | Bought a potion of enlightenment for 65 gold pieces
 58144 | Vaults:2 | Received a gift from Nemelex Xobeh
 58296 | Vaults:2 | Received a gift from Nemelex Xobeh
 58386 | Vaults:2 | Found a staircase to the Crypt.
 58769 | Vaults:2 | Received a gift from Nemelex Xobeh
 58773 | Vaults:2 | Identified the +8 chain mail of Recklessness {Will+ Str+3
                  | Slay-3 SInv}
 58821 | Vaults:2 | Identified the amulet "Cepufah" {Faith rPois rC+}
 59560 | Vaults:3 | Found a flickering gateway to a bazaar.
 59565 | Bazaar   | Entered a bazaar
 59565 | Bazaar   | Found Daquilac's Assorted Antiques.
 59565 | Bazaar   | Found Vagehisa's Antique Armour Shoppe.
 59565 | Bazaar   | Found Dib Boucw's Assorted Antiques.
 59566 | Bazaar   | Found Kophemu's Assorted Antiques.
 59566 | Bazaar   | Found Lytul's Book Emporium.
 59591 | Bazaar   | Bought a pair of dazzling boots for 228 gold pieces
 59591 | Bazaar   | Identified the +1 pair of boots of Beogh's Envy {+Blink
                  | rPois Dex+2} (You bought it in a shop in a bazaar)
 59613 | Bazaar   | Bought a potion of heal wounds for 120 gold pieces
 59928 | Vaults:3 | Received a gift from Nemelex Xobeh
 60036 | Vaults:3 | Reached XP level 21. HP: 116/133 MP: 40/40
 60041 | Vaults:3 | Reached skill level 15 in Fighting
 60096 | Vaults:3 | Identified the orb "Qabet" {light, rC+ rN+ MP+9}
 60096 | Vaults:3 | Noticed Frederick
 60796 | Vaults:3 | Frederick changed into Frederick the acid blob
 60796 | Vaults:3 | Noticed Frederick
 60800 | Vaults:3 | Killed Frederick the acid blob
 61449 | Vaults:4 | Received a gift from Nemelex Xobeh
 62416 | Depths:1 | Entered Level 1 of the Depths
 62416 | Depths:1 | Received a gift from Nemelex Xobeh
 62416 | Depths:1 | Found a white marble altar of Elyvilon.
 62588 | Depths:1 | Noticed Norris
 62614 | Depths:1 | Killed Norris
 62742 | Depths:1 | Found a one-way gateway to a ziggurat.
 62903 | Depths:1 | Found a gateway to Hell.
 63043 | Depths:1 | Reached skill level 15 in Invocations
 63111 | Depths:1 | Noticed Sojobo
 63131 | Depths:1 | Paralysed by an air elemental for 1 turns
 63135 | Depths:1 | Killed Sojobo
 63492 | Depths:1 | Received a gift from Nemelex Xobeh
 63529 | Depths:1 | Found Uliquget's Neck Hole.
 63983 | Depths:2 | Found a one-way gate leading to the halls of Pandemonium.
 64045 | Depths:2 | Noticed Asterion
 64203 | Depths:2 | Found a stormy altar of Qazlal.
 64206 | Depths:2 | Identified the +4 robe of Least Resistance {-Tele Will+++
                  | Str+5 Dex-4}
 64206 | Depths:2 | Noticed Boris
 64220 | Depths:2 | Killed Boris
 64246 | Depths:2 | Killed Asterion
 64304 | Depths:2 | Received a gift from Nemelex Xobeh
 64351 | Depths:2 | Found a one-way gate to the infinite horrors of the Abyss.
 64452 | Depths:2 | Found a runed door.
 65086 | Depths:2 | Received a gift from Nemelex Xobeh
 65456 | Depths:2 | Noticed an ancient lich
 65467 | Depths:2 | Identified the +4 short sword "Luso" {flame, Fly rN+ Will-}
 65474 | Depths:2 | Killed an ancient lich
 65529 | Depths:2 | Identified the +0 plate armour of Foolhardiness {rElec
                  | Str+6 Int+3 Slay-3}
 65532 | Depths:2 | Identified the +0 pair of gloves "Teill" {*Corrode Regen+
                  | Str+3}
 65551 | Depths:2 | Acquired 733 gold pieces
 65688 | Depths:3 | Identified the ring "Fuimuaw" {Ice rPois Int-4 Dex+4
                  | Slay+4}
 65688 | Depths:3 | Noticed Josephina
 65909 | Depths:3 | Killed Josephina
 65982 | Depths:3 | Identified the +1 trident "Hizidgh" {heavy, rF+}
 66003 | Depths:3 | Noticed Grunn
 66095 | Depths:3 | Reached XP level 22. HP: 69/142 MP: 10/41
 66126 | Depths:3 | Noticed the Enchantress
 66137 | Depths:3 | Killed the Enchantress
 66426 | Depths:3 | Killed Grunn
 66428 | Depths:3 | Reached skill level 19 in Summonings
 67374 | Depths:4 | Entered Level 4 of the Depths
 67374 | Depths:4 | Received a gift from Nemelex Xobeh
 67731 | Depths:4 | Reached skill level 20 in Summonings
 67860 | Depths:4 | Found a flickering gateway to a bazaar.
 67974 | Bazaar   | Entered a bazaar
 68044 | Bazaar   | Found Tabaf Hadgh's Jewellery Emporium.
 68062 | Bazaar   | Found Ineggovedgh's Armour Shoppe.
 68082 | Bazaar   | Found Pone's Magic Scroll Shoppe.
 68126 | Bazaar   | Bought the +1 cloak of Starlight {*Dazzle EV+4 Stlth--} for
                  | 335 gold pieces
 68126 | Bazaar   | Found the +1 cloak of Starlight {*Dazzle EV+4 Stlth--}
 68152 | Bazaar   | Bought the ring "Damnable Contraption" {rElec Will+ Int+6}
                  | for 464 gold pieces
 68252 | Depths:4 | Received a gift from Nemelex Xobeh
 68442 | Depths:4 | Reached skill level 21 in Summonings
 68656 | Depths:4 | Found Weru's General Store.
 69108 | Depths:4 | Noticed a golden dragon
 69118 | Depths:4 | Killed a golden dragon
 69248 | Depths:4 | Found a gate to the Realm of Zot.
 69758 | Slime:1  | Entered Level 1 of the Pits of Slime
 70014 | Slime:3  | Received a gift from Nemelex Xobeh
 70118 | Slime:3  | Reached skill level 22 in Summonings
 70261 | Slime:3  | Gained mutation: You expend magic power (3 MP) to
                  | strengthen your wands. [a shining eye]
 70419 | Slime:4  | Received a gift from Nemelex Xobeh
 70456 | Slime:4  | Reached XP level 23. HP: 147/147 MP: 42/42
 70810 | Slime:5  | Entered Level 5 of the Pits of Slime
 70810 | Slime:5  | Found the +8 arc blade {discharge, rElec}
 70810 | Slime:5  | Received a gift from Nemelex Xobeh
 71313 | Slime:5  | Gained mutation: You sometimes lose your temper in combat.
                  | [a shining eye]
 71476 | Slime:5  | Gained mutation: Your body sometimes deteriorates upon
                  | taking damage. [a shining eye]
 71699 | Slime:5  | Found a viscous altar of Jiyva.
 71739 | Slime:5  | Reached skill level 23 in Summonings
 71744 | Slime:5  | Noticed the Royal Jelly
 71762 | Slime:5  | Killed the Royal Jelly
 71986 | Slime:5  | Identified the staff "Weuwits" {rF+ rC+ Conj Ice}
 71994 | Slime:5  | Identified the ring "Xicvuk" {Fire rElec MP+9 Int+2 Dex-5}
 72006 | Slime:5  | Identified the +8 spear of the Solstice {speed, rC+ Will+}
 72066 | Slime:5  | Identified the +0 quarterstaff of Disorder {venom, rElec
                  | Str+3}
 72085 | Slime:5  | Identified the +0 helmet "Jobopaqa" {rN+ MP+9}
 72087 | Slime:5  | Got a slimy rune of Zot
 72160 | Slime:5  | Identified the +3 morningstar "Wepaf" {flame, Str+3}
 72177 | Slime:5  | Learned a level 8 spell: Summon Horrible Things
 72186 | Slime:5  | Learned a level 7 spell: Malign Gateway
 72510 | Depths:1 | Bought a scarf of resistance for 448 gold pieces
 72598 | Zot:1    | Entered Level 1 of the Realm of Zot
 73121 | Elf:2    | You showed the slimy rune of Zot to enter a treasure trove
 73122 | Trove    | Entered a treasure trove
 73134 | Trove    | Identified the ring of the Queen {rPois Int+5}
 73139 | Trove    | Identified the ring "Gagi" {Will+ Int+5 Dex+3}
 73141 | Trove    | Identified the ring "Ciupt" {rF+ rN+ Slay+3}
 73143 | Trove    | Identified the amulet of the Omega Point {Acrobat rF+
                  | Str+5}
 73145 | Trove    | Identified the amulet of Neliujut {Reflect rF- rCorr Dex+5
                  | Slay+3 SH+5}
 73147 | Trove    | Identified the ring "Biyshrijo" {Fly rF+ rCorr MP+9 Dex+3}
 73149 | Trove    | Identified the ring "Locere" {^Drain Will+ Str+6 Stlth+}
 73153 | Trove    | Identified the amulet "Xach" {RegenMP ^Fragile rPois Int+2
                  | Slay+3}
 73156 | Trove    | Identified the ring "Bikhlarch" {MP+9 Slay+3}
 73268 | Orc:2    | Bought 2 potions of haste for 360 gold pieces
 73268 | Orc:2    | Bought 2 potions of ambrosia for 288 gold pieces
 73268 | Orc:2    | Bought a potion of ambrosia for 144 gold pieces
 73594 | Zot:1    | Found the +4 dragonskin cloak
 73594 | Zot:1    | Noticed Tiamat
 74214 | Depths:4 | Found Weru's General Store.
 74230 | Depths:4 | Killed Tiamat
 74319 | Depths:4 | Found a gate to the Realm of Zot.
 75104 | Zot:1    | Received a gift from Nemelex Xobeh
 76325 | Zot:1    | You fall into a shaft and drop 1 floor!
 77976 | Zot:2    | Reached XP level 24. HP: 141/159 MP: 20/43
 79077 | Zot:3    | Received a gift from Nemelex Xobeh
 79583 | Zot:3    | Received a gift from Nemelex Xobeh
 79704 | Zot:3    | Found a snail-covered altar of Cheibriados.
 79708 | Zot:3    | Found a snail-covered altar of Cheibriados.
 82169 | Zot:5    | Entered Level 5 of the Realm of Zot
 83033 | Zot:5    | Noticed an orb of fire
 83033 | Zot:5    | Gained mutation: You occasionally shout uncontrollably at
                  | your foes. [an orb of fire]
 83042 | Zot:5    | Killed an orb of fire
 83095 | Zot:5    | Noticed a Killer Klown
 83103 | Zot:5    | Killed a Killer Klown
 83519 | Zot:5    | Noticed a dread lich
 83525 | Zot:5    | Killed a dread lich
 83579 | Zot:4    | Killed an ancient lich
 83714 | Zot:5    | Noticed an orb of fire
 83848 | Zot:5    | Gained mutation: Armour fits poorly on your strangely
                  | shaped body. [an orb of fire]
 83857 | Zot:5    | Killed an orb of fire
 83986 | Zot:5    | Noticed a Killer Klown
 84006 | Zot:5    | Killed a Killer Klown
 84007 | Zot:5    | Reached XP level 25. HP: 91/168 MP: 43/43
 84221 | Zot:5    | Noticed an ancient lich
 84296 | Zot:5    | Killed an ancient lich
 84419 | Zot:5    | Noticed a Killer Klown
 84425 | Zot:5    | Killed a Killer Klown
 84523 | Zot:5    | Noticed a Killer Klown
 84534 | Zot:5    | Killed a Killer Klown
 84882 | Zot:5    | Noticed a Killer Klown
 84893 | Zot:5    | Killed a Killer Klown
 86197 | Zot:5    | Noticed an ancient lich
 86615 | Zot:5    | Killed an ancient lich
 86616 | Zot:5    | Reached skill level 10 in Armour
 86782 | Zot:5    | Received a gift from Nemelex Xobeh
 87456 | Zot:5    | Received a gift from Nemelex Xobeh
 87545 | Zot:5    | Got the Orb of Zot
 87757 | Depths:4 | Gained mutation: Your magical capacity is low. (-10% MP) [a
                  | cacodemon]
 87760 | Depths:4 | Gained mutation: You are weak. (Str -2) [a cacodemon]
 88027 | D:8      | Noticed Tuerus the pandemonium lord
 88207 | D:$      | Escaped with the Orb!

Illustrated notes

Levels and vault maps discovered:
D:1:      lightli_arrival_farm, layout_basic
D:2:      minmay_chambers_of_ones, layout_basic, serial_shops,
          nicolae_shop_tiny_real_fake_doors
D:3:      wander_river, layout_rooms, nicolae_tso_carved_into_rock,
          minmay_randomly_rotated_circles
D:4:      layout_layer_cave, tgw_kikubaaqudgha,
          mainiacjoe_overflow_surrounded_room, minmay_box_of_dots, uniq_edmund,
          uniq_sigmund
D:5:      layout_loops_ring, lemuel_round_altar, cheibrodos_ashenzari_chains,
          grunt_dithmenos_smoke_and_mirrors,
          chequers_temple_overflow_statue_of_worship,
          minmay_temple_entry_from_below_b, ebering_ghost_sewer_f,
          wad_floor_pattern_1
D:6:      layout_loops_ring, fountainhead
D:7:      layout_basic, minivault_23, uniq_maggie, uniq_prince_ribbit1
D:8:      layout_basic, old_standard_altar, uniq_pikel
D:9:      layout_big_octagon, cheibriados_altar_1, due_lair_maze_entry_diamond,
          nicolae_fort_ynox
D:10:     layout_loops_cross, david_orc_3
D:11:     layout_roguey [special_room_kobold], gammafunk_ghost_arena,
          minmay_the_grid_2x2 [minmay_the_grid_square_x, minmay_the_grid_slots,
          minmay_the_grid_eight, minmay_the_grid_prize_four_corners_diamond_a]
D:12:     layout_rooms, hangedman_parallel_progression
D:13:     layout_rooms, gauntlet_entry_generic
D:14:     layout_loops_cross, hangedman_vaults_entry_quadrant_bands,
          kennysheep_decorative_pillar, grunt_ministairs_10,
          einodemon_crawler_minivault, uniq_kirke
D:15:     gammafunk_enter_depths_forms, layout_loops_ring, patterned_corridor
Temple:   nicolae_temple_ecumenical_triangle
Lair:1:   layout_regular_city, grunt_megastairs_4
Lair:2:   cheibrodos_lair_overgrown_chateau, layout_long_grid,
          nicolae_shoals_entry_flooding, infiniplex_staircase_pool_2
Lair:3:   layout_long_grid, minmay_snake_entry_guardpost_small,
          eino_house_with_fridge, lemuel_fruit_tree
Lair:4:   layout_cellular_growth, minmay_slime_entry_oklob_enclosed,
          beast_lair_carwin_4
Lair:5:   wormcave, layout_loops_ring, guppyfry_lair_end_dragon,
          grunt_megastairs_2
Shoals:1: layout_shoals, nicolae_take_the_stairs
Shoals:2: layout_shoals, nicolae_shoals_former_cling_ruins
Shoals:3: layout_shoals
Shoals:4: shoals_end_hellmonk_lost_city
Snake:1:  layout_cave_pods, abandoned_shop, uniq_roxanne, uniq_nikola
Snake:2:  cheibrodos_forgotten_conduit, layout_cave_shapes, nicolae_letterblocks
          [nicolae_letter_subblock, nicolae_letter_subblock,
          nicolae_letter_subblock, nicolae_letter_subblock,
          nicolae_letter_subblock, nicolae_letter_subblock,
          nicolae_letter_subblock, nicolae_letter_subblock,
          nicolae_letter_subblock, nicolae_letter_subblock,
          nicolae_letter_subblock, nicolae_letter_subblock,
          nicolae_letter_subblock, nicolae_letter_subblock,
          nicolae_letter_subblock, nicolae_letter_subblock,
          nicolae_letter_subblock, nicolae_letter_subblock,
          nicolae_letter_subblock, nicolae_letter_subblock,
          nicolae_letter_subblock, nicolae_letter_subblock,
          nicolae_letter_subblock, nicolae_letter_subblock,
          nicolae_letter_subblock], uniq_vashnia
Snake:3:  layout_cave_town, serial_bayou_shore_a, uniq_mara
Snake:4:  johnstein_snake_rune_scales, layout_gridlike, nicolae_triple_integral,
          grunt_megastairs_5, uniq_aizul
Slime:1:  layout_caves
Slime:2:  layout_caves
Slime:3:  layout_caves
Slime:4:  layout_caves, nicolae_slime_barrier
Slime:5:  slime_pit_nicolae_jellycorners
Orc:1:    layout_diamond_mine, basic_altar, serial_shops,
          nicolae_shop_rolling_square, chequers_guarded_unrand_ignorance,
          uniq_fannar
Orc:2:    st_orc_rangers, layout_diamond_mine, basic_altar,
          blackcustard_mines_bat_river
Elf:1:    layout_loops_corners, minmay_elf_necromancy
Elf:2:    elven_hall_of_blades_hangedman_alternative
          [nicolae_blade_entry_hurt_lockers], layout_gridlike, enter_trove_0,
          minmay_shop_star, uniq_jorgrun
Elf:3:    minmay_elf_hall_four_x, layout_gridlike
Vaults:1: nicolae_vaults_apartment_1, vaults_mumra_lcd,
          nicolae_vaults_more_shelving_1, nicolae_vaults_border_crossing,
          st_eye, vaults_room_door_hall, hangedman_vaults_maws,
          hangedman_vaults_river_flow, grunt_vaults_trifunnel, vaults_dpeg_ring,
          vaults_room_grid, nicolae_vaults_trapezoid_4, layout_vaults_omnibox,
          serial_shops, shop, shop, shop, shop
Vaults:2: nicolae_vaults_stairing_the_circle, minmay_crypt_entry_simple_corners,
          nicolae_vaults_tetromino_T_1, nicolae_vaults_asterisk,
          vaults_dpeg_emergency_exit, v_pattern_1, layout_vaults_big_room,
          serial_shops, bzr_entry_gold
Vaults:3: ontoclasm_vaults_loading_screen, nicolae_vaults_turnstiles,
          vaults_mumra_chevron_long, vaults_dpeg_diagonal,
          nicolae_vaults_know_your_exits, nicolae_vaults_cornered_office,
          nicolae_vaults_mitosis, ontoclasm_vaults_eye,
          nicolae_vaults_oval_intersection, nicolae_vaults_network_barrier,
          hangedman_vaults_nails, nicolae_vaults_diamond_1,
          layout_vaults_maze_bifur, serial_shops, bzr_entry_road, uniq_frederick
Vaults:4: nicolae_vaults_oval_intersection, nicolae_vaults_trapezoid_2,
          vaults_room_corners, grunt_vaults_funnel,
          nicolae_vaults_mini_display_case, nicolae_vaults_security_offices_5,
          v_misc_2, nicolae_vaults_trapezoid_layered, layout_vaults_omnigrid
Depths:1: layout_honeycomb, enter_ziggurat_e, hangedman_coc_ice_floe,
          elyvilon_altar_5, nicolae_shop_sticking_my_neck_out, uniq_sojobo,
          uniq_norris
Depths:2: evilmike_wizard_prison, layout_basic, hell_entry,
          rand_demon_pan_entry_3, abyss_entry, dk_noncrumbling_3,
          nicolae_qazlal_scattered_showers, infiniplex_staircase_pillars_3a,
          uniq_asterion, uniq_boris
Depths:3: nicolae_cairo_tiling_large_dashed, layout_gridville,
          abyss_entry_small_statue_room, mu_enter_wizlab_6,
          pf_hell_entry_tar_spiral, uniq_grunn, uniq_enchantress, uniq_josephina
Depths:4: grunt_zot_entry_gee_three, layout_gridlike, hangedman_geh_valley,
          serial_sigils_hangedman_leer, serial_shops, bzr_entry_lakeside,
          nicolae_shop_tiny_real_fake_doors
Zot:1:    nicolae_moth_party, layout_twisted_circle,
          regret_index_zotdec_stipple_waver, uniq_tiamat
Zot:2:    layout_misc_corridors, st_small_dragon_hoard_3
Zot:3:    layout_basic, regret_index_zotdec_serpentine_coiled
Zot:4:    layout_onion_interference, skrybe_zot_glass_3
Zot:5:    layout_basic, grunt_ministairs_3

Skill      XL: |  1  2  3  4  5  6  7  8  9 10 11 12 13 14 15 16 17 18 19 20 21 22 23 24 25 |
---------------+----------------------------------------------------------------------------+-----
Stealth        | 2 3 4 |  4.0
Ranged Weapons | 6 8 9 10 12 14 19 20 | 20.0
Dodging        | 3 5 8 9 12 14 16 18 19 | 19.8
Fighting       | 3 4 6 9 11 13 14 16 18 20 | 20.0
Evocations     | 4 5 8 9 |  9.0
Conjurations   | 3 7 8 |  8.0
Earth Magic    | 3 7 8 |  8.0
Hexes          | 2 3 6 11 | 11.0
Spellcasting   | 4 8 10 11 13 14 | 14.2
Invocations    | 3 4 8 12 13 14 17 | 17.0
Summonings     | 7 9 10 13 15 16 17 18 22 23 | 23.0
Translocations | 3 10 11 | 11.0
Necromancy     | 5 |  5.0
Armour         | 6 8 10 | 10.8

Action                     |  1- 3 |  4- 6 |  7- 9 | 10-12 | 13-15 | 16-18 | 19-21 | 22-24 | 25-27 || total
---------------------------+-------+-------+-------+-------+-------+-------+-------+-------+-------++-------
  Melee: Whip              |       |     4 |       |       |       |       |       |       |       ||     4
         Dagger            |       |       |       |    10 |       |       |       |       |       ||    10
         Lance             |       |       |       |    11 |       |       |       |       |       ||    11
   Fire: Shortbow          |   122 |    88 |   299 |       |       |       |       |       |       ||   509
         Orcbow            |       |       |   229 |   444 |       |       |       |       |       ||   673
         Arbalest          |       |       |       |   102 |       |       |       |       |       ||   102
         Sling             |       |       |       |     7 |   499 |       |       |       |       ||   506
         Longbow           |       |       |       |       |   263 |  1138 |  1203 |  1390 |   138 ||  4132
  Throw: Dart              |       |       |       |       |     1 |       |       |       |       ||     1
   Cast: Stone Arrow       |       |       |    25 |   163 |    12 |       |       |       |       ||   200
         Brom's Barrelling |       |       |     2 |    10 |       |       |       |       |       ||    12
         Jinxbite          |       |       |       |    11 |       |       |       |       |       ||    11
         Summon Mana Viper |       |       |       |    23 |   107 |    29 |    16 |    21 |     3 ||   199
         Summon Forest     |       |       |       |       |    42 |    32 |    34 |    22 |     5 ||   135
         Martyr's Knell    |       |       |       |       |    29 |    10 |    15 |     5 |       ||    59
         Summon Cactus Gia |       |       |       |       |    13 |    23 |    14 |    15 |       ||    65
         Dimensional Bulls |       |       |       |       |       |     7 |     1 |     2 |       ||    10
         Blink             |       |       |       |       |       |     2 |     6 |    16 |     4 ||    28
         Summon Lightning  |       |       |       |       |       |    12 |    17 |     9 |       ||    38
         Monstrous Menager |       |       |       |       |       |     7 |    36 |    12 |       ||    55
         Summon Hydra      |       |       |       |       |       |       |    25 |    60 |     3 ||    88
         Summon Horrible T |       |       |       |       |       |       |       |    25 |    18 ||    43
         Malign Gateway    |       |       |       |       |       |       |       |    20 |    12 ||    32
 Invoke: Draw Destruction  |       |       |     6 |       |     4 |    11 |    30 |     8 |       ||    59
         Draw Escape       |       |       |       |     1 |     1 |       |     1 |     2 |       ||     5
         Draw Summoning    |       |       |       |       |     5 |     5 |    13 |     9 |       ||    32
         Deal Four         |       |       |       |       |     2 |     4 |     7 |     1 |     1 ||    15
         Stack Five        |       |       |       |       |     1 |       |     1 |     1 |       ||     3
         Draw Stack        |       |       |       |       |       |     2 |     3 |     2 |       ||     7
         Triple Draw       |       |       |       |       |       |       |     1 |       |       ||     1
  Evoke: Wand              |       |       |     7 |    19 |     4 |    12 |    18 |    34 |     2 ||    96
         Condenser vane    |       |       |       |     1 |       |       |     1 |       |       ||     2
         Phial of floods   |       |       |       |       |     2 |       |     1 |     1 |       ||     4
         Lightning rod     |       |       |       |       |       |       |     1 |     9 |       ||    10
         Box of beasts     |       |       |       |       |       |       |     1 |     1 |       ||     2
    Use: Scroll            |     4 |       |     8 |    12 |    14 |     8 |     9 |    10 |     4 ||    69
         Potion            |       |     3 |       |     1 |     2 |     3 |     7 |     6 |     4 ||    26
   Stab: Paralysed         |       |       |       |    10 |       |       |       |       |       ||    10
 Armour: Leather armour    |     9 |    14 |    72 |       |       |       |       |       |       ||    95
         Robe              |       |       |    63 |    89 |   232 |   255 |    55 |       |       ||   694
         Steam dragon scal |       |       |     2 |    77 |       |       |       |       |       ||    79
         Quicksilver drago |       |       |       |       |       |       |   204 |    12 |       ||   216
         Ring mail         |       |       |       |       |       |       |    44 |       |       ||    44
         Skin              |       |       |       |       |       |       |     7 |       |       ||     7
         Acid dragon scale |       |       |       |       |       |       |       |   487 |    39 ||   526
  Dodge: Dodged            |    18 |    18 |   176 |   433 |   300 |   306 |   339 |   556 |    41 ||  2187
         Repelled          |     2 |     1 |     3 |     2 |     5 |     1 |       |       |       ||    14

Table legend: (Time is in decaauts)
 A = Elapsed time spent in this place.
 B = Non-inter-level travel time spent in this place.
 C = Inter-level travel time spent in this place.
 D = Time resting spent in this place.
 E = Time spent auto-exploring this place.
 F = Levels seen in this place.
 G = Mean time per level.
                   A        B        C        D        E       F      G
               +--------+--------+--------+--------+--------+-----+--------+
         Total |  87796 |  76980 |  10816 |  28993 |  27008 |  57 | 1540.3 |
       Dungeon |  27089 |  21771 |   5318 |   7734 |   7503 |  15 | 1805.9 |
        Temple |      2 |      1 |      1 |      0 |      0 |   1 |    2.0 |
          Lair |  11817 |  10672 |   1145 |   3765 |   4141 |   5 | 2363.4 |
        Shoals |   4551 |   4273 |    278 |   1169 |   2052 |   4 | 1137.8 |
     Snake Pit |   4217 |   3955 |    262 |    772 |   2323 |   4 | 1054.2 |
    Slime Pits |   2400 |   2202 |    198 |    895 |    282 |   5 |  480.0 |
  Orcish Mines |   3213 |   2589 |    624 |    984 |    772 |   2 | 1606.5 |
   Elven Halls |   5663 |   4980 |    683 |   1793 |   1831 |   3 | 1887.7 |
        Vaults |   6508 |   5772 |    736 |   1430 |   2933 |   4 | 1627.0 |
        Depths |   7950 |   7207 |    743 |   3192 |   2412 |   4 | 1987.5 |
           Zot |  13360 |  12535 |    825 |   6958 |   2626 |   5 | 2672.0 |
        Bazaar |    359 |    359 |      0 |     62 |      0 |   3 |  119.7 |
         Trove |     47 |     47 |      0 |      0 |      0 |   1 |   47.0 |
      Gauntlet |    614 |    614 |      0 |    235 |    132 |   1 |  614.0 |
               +--------+--------+--------+--------+--------+-----+--------+

Top non-repeatable levels by time:
   Zot:5: 4802 daAuts
  Lair:5: 3263 daAuts
   Elf:3: 3231 daAuts
   Zot:1: 2834 daAuts
     D:5: 2764 daAuts
Depths:4: 2763 daAuts
     D:9: 2741 daAuts
    D:11: 2693 daAuts
  Lair:2: 2664 daAuts
  Lair:1: 2578 daAuts
   Orc:2: 2445 daAuts
Depths:2: 2249 daAuts
Vaults:1: 2236 daAuts
     D:8: 2230 daAuts
     D:7: 2137 daAuts
